 Dungeon Crawl Stone Soup version 0.26-a0-667-g92642533e4 (webtiles) character file.

Game seed: 5578738311940932615

82 BritishOli the Skirmisher (level 4, -5/35 HPs)
             Began as a Demonspawn Fighter on Oct 16, 2020.
             Slain by Crazy Yiuf
             ... wielding a +4 quarterstaff of chaos
              (6 damage)
             ... on level 2 of the Dungeon.
             The game lasted 00:02:50 (1798 turns).

BritishOli the Skirmisher (Demonspawn Fighter)      Turns: 1798, Time: 00:02:50

Health: -5/35      AC: 10    Str: 18    XL:     4   Next: 21%
Magic:  4/4        EV:  7    Int:  9    God:
Gold:   71         SH:  9    Dex: 12    Spells: 3/3 levels left

rFire    . . .     SeeInvis .   a - +0 long sword
rCold    . . .     Faith    .   c - +0 kite shield
rNeg     . . .     Spirit   .   b - +0 scale mail
rPois    .         Reflect  .   (no helmet)
rElec    .         Harm     .   (no cloak)
rCorr    .         Rampage  .   (no gloves)
MR       .....                  f - +1 pair of boots
Stlth    ..........             (no amulet)
HPRegen  0.11/turn              (no ring)
MPRegen  0.09/turn              (no ring)

@: lightly drained
A: iridescent scales 1, powered by death 1, powered by pain 1
a: no special abilities


You were on level 2 of the Dungeon.
You visited 1 branch of the dungeon, and saw 2 of its levels.

You collected 71 gold pieces.

Inventory:

Hand Weapons
 a - a +0 long sword (weapon)
Armour
 b - a +0 scale mail (worn)
 c - a +0 kite shield (worn)
 f - a +1 pair of boots (worn)
Jewellery
 e - a cursed ring of teleportation {unknown}
Scrolls
 g - a scroll of remove curse {unknown}
 j - a scroll of identify {unknown}
Potions
 d - a potion of might
 h - a potion of mutation {unknown}
 i - a potion of resistance {unknown}
 k - 2 potions of degeneration {unknown}
 l - a potion of curing {unknown}
 m - 2 potions of magic {unknown}


   Skills:
 + Level 3.5(3.2) Fighting
 * Level 2.7(2.5) Long Blades
 + Level 3.2(2.9) Armour
 + Level 3.2(2.9) Shields


You had 3 spell levels left.
You didn't know any spells.
Your spell library was empty.

Dungeon Overview and Level Annotations

Branches:
Dungeon (2/15)

Altars:
Wu Jian

Annotations:
D:2 Crazy Yiuf


Innate Abilities, Weirdness & Mutations

You are partially covered in iridescent scales. (AC +2)
You regenerate a little health from kills.
You sometimes gain a little power by taking damage.


Message History

Crazy Yiuf hits you with a +4 quarterstaff of chaos.
Crazy Yiuf burns you. You block Crazy Yiuf's attack.
You closely miss Crazy Yiuf.
Crazy Yiuf is moderately wounded.
Crazy Yiuf hits you with a +4 quarterstaff of chaos.
Crazy Yiuf burns you.
You closely miss Crazy Yiuf.
Crazy Yiuf is moderately wounded.
Crazy Yiuf hits you with a +4 quarterstaff of chaos.
Crazy Yiuf freezes you.
You barely miss Crazy Yiuf.
Crazy Yiuf is moderately wounded.
Crazy Yiuf hits you with a +4 quarterstaff of chaos.
You feel drained.
You slash Crazy Yiuf!
Crazy Yiuf is severely wounded.
Crazy Yiuf hits you with a +4 quarterstaff of chaos!
* * * LOW HITPOINT WARNING * * *
Crazy Yiuf freezes you.
You die...

#.###...........#.## #......
#.####.######......#########.#
#......# ##...............#
######## #################
####### ###...#.### ###
##....P.#..##...#
#....PP####@g...# #..#..##
###..)# #.##### ### ## #.# ##.
#.# ########.. #.###
###########......... ##
#...#####.##.#..##.#######..
.# #............#.....# ##..
.# #.#.####..#######..# #..#


You could see Crazy Yiuf.

Vanquished Creatures
  Natasha (D:1)
  2 adders (D:2)
  A gnoll (D:1)
  A leopard gecko (D:2)
  4 bats
  3 giant cockroaches
  5 goblins
  A hobgoblin (D:2)
  4 jackals (D:2)
  A frilled lizard (D:1)
  4 kobolds
  6 rats
33 creatures vanquished.

Notes
Turn   | Place    | Note
-------+----------+-------------------------------------------
     0 | D:1      | BritishOli the Demonspawn Fighter began the quest for the
                  | Orb.
     0 | D:1      | Reached XP level 1. HP: 18/18 MP: 1/1
   207 | D:1      | Gained mutation: You are partially covered in iridescent
                  | scales. (AC +2) [demonic ancestry]
   207 | D:1      | Reached XP level 2. HP: 24/24 MP: 2/2
   675 | D:2      | Noticed Natasha
   686 | D:1      | Killed Natasha
   686 | D:1      | Gained mutation: You regenerate a little health from kills.
                  | [demonic ancestry]
   686 | D:1      | Reached XP level 3. HP: 21/29 MP: 3/3
  1048 | D:2      | Gained mutation: You sometimes gain a little power by
                  | taking damage. [demonic ancestry]
  1048 | D:2      | Reached XP level 4. HP: 32/35 MP: 4/4
  1351 | D:2      | Found an ornate altar of the Wu Jian Council.
  1497 | D:2      | Found a faded altar of an unknown god.
  1561 | D:2      | Found a runed translucent door.
  1562 | D:2      | Noticed Crazy Yiuf
  1798 | D:2      | HP: 1/35 [Crazy Yiuf/+4 quarterstaff of chaos (11)]
  1798 | D:2      | Slain by Crazy Yiuf

Illustrated notes

Levels and vault maps discovered:
D:1:      onia_arrival_mini_maze, layout_basic
D:2:      layout_loops_corners, lemuel_coloured_pillars_altar,
          chequers_ecumenical_altar_simple, uniq_crazy_yiuf_cottage,
          uniq_natasha

Skill      XL: |  1  2 |
---------------+-------+-----
Long Blades    | 2 |  2.7
Armour         | 3 |  3.2
Shields        | 3 |  3.2
Fighting       | |  3.5

Action                   |  1- 3 |  4- 6 || total
-------------------------+-------+-------++-------
Melee: Long sword        |    94 |    23 ||   117
Armor: Scale mail        |    66 |     5 ||    71
Dodge: Dodged            |    40 |     8 ||    48
Block: Kite shield       |    65 |     8 ||    73
       Rpst.: Long sword |    10 |     2 ||    12

Table legend: (Time is in decaauts)
 A = Elapsed time spent in this place.
 B = Non-inter-level travel time spent in this place.
 C = Inter-level travel time spent in this place.
 D = Time resting spent in this place.
 E = Time spent auto-exploring this place.
 F = Levels seen in this place.
 G = Mean time per level.
                   A        B        C        D        E       F      G
               +--------+--------+--------+--------+--------+-----+--------+
         Total |   1840 |   1773 |     67 |     97 |   1418 |   2 |  920.0 |
       Dungeon |   1840 |   1773 |     67 |     97 |   1418 |   2 |  920.0 |
               +--------+--------+--------+--------+--------+-----+--------+

Top non-repeatable levels by time:
     D:2: 1082 daAuts
     D:1: 758 daAuts
